 Dungeon Crawl Stone Soup version 0.31-a0-1522-g43313d8a59 (webtiles) character file.

Game seed: 14897920616668775954

57 pokeman the Magician (level 3, -1/20 HPs)
             Began as a Deep Elf Hedge Wizard on Dec 31, 2023.
             Slain by a gnoll
             ... wielding a +0 flail
              (11 damage)
             ... on level 2 of the Dungeon.
             The game lasted 00:01:53 (1664 turns).

pokeman the Magician (Deep Elf Hedge Wizard)        Turns: 1664, Time: 00:01:53

Health: -1/20      AC:  2    Str:  7    XL:     3   Next: 73%
Magic:  3/11       EV: 12    Int: 20    God:
Gold:   55         SH:  0    Dex: 14    Spells: 4/12 levels left

rFire   . . .        a - +0 dagger
rCold   . . .        (no shield)
rNeg    . . .        b - +0 robe
rPois   .            c - +0 hat
rElec   .            (no cloak)
rCorr   .            (no gloves)
SInv    .            (no boots)
Will    .....        (no amulet)
Stlth   ++           (no ring)
HPRegen 0.23/turn    (no ring)
MPRegen 0.12/turn

%: no passive effects
@: no status effects
A: no striking features
a: no special abilities


You were on level 2 of the Dungeon.
You visited 1 branch of the dungeon, and saw 2 of its levels.

You collected 55 gold pieces.

Inventory:

Hand Weapons
 a - a +0 dagger (weapon)
Armour
 b - a +0 robe (worn)
 c - a +0 hat (worn)
Magical Staves
 m - a staff of conjuration
Wands
 l - a wand of digging (2)
Scrolls
 e - a scroll of identify {unknown}
 f - a scroll of teleportation {unknown}
 g - a scroll of fog {unknown}
 i - a scroll of enchant armour {unknown}
Potions
 d - a potion of magic
 h - a potion of attraction {unknown}
 j - a potion of brilliance {unknown}
 k - a potion of curing {unknown}


   Skills:
 - Level 1.0 Fighting
 - Level 1.0 Armour
 + Level 2.5 Dodging
 + Level 2.5 Stealth
 * Level 5.3 Spellcasting
 + Level 2.0 Conjurations
 - Level 1.1 Summonings
 - Level 1.1 Translocations


You had 4 spell levels left.
You knew the following spells:

 Your Spells              Type           Power      Damage    Failure   Level
a - Magic Dart            Conj           52%        1d5       4%          1
b - Mephitic Cloud        Conj/Alch/Air  8%         N/A       26%         3
c - Call Imp              Summ           18%        N/A       11%         2
d - Blink                 Tloc           18%        N/A       11%         2

Your spell library contained the following spells:

 Spells                   Type           Power      Damage    Failure   Level
 Slow                     Hex            20%        N/A       11%         1
 Cigotuvi's Dreadful Rot  Necr/Alch/Air  10%        N/A       17%         2


Dungeon Overview and Level Annotations

Branches:
Dungeon (2/15)

Altars:


Message History

You hit the gnoll but do no damage.
The gnoll is moderately wounded.
The gnoll is engulfed in noxious fumes.
The gnoll appears confused.
Your magical contamination has completely faded away.
Unknown command.
Casting: Mephitic Cloud (extremely dangerous; 26% risk of failure)
Confirm with . or Enter, or press ? or * to list all spells.
Aiming: Mephitic Cloud (extremely dangerous; 26% risk of failure)
Press: ? - help, Shift-Dir - straight line, f - gnoll, p - gnoll
Aim: a gnoll, wielding a +0 flail (chance to affect: 91%)
The ball explodes into a vile cloud!
The stinking cloud engulfs the gnoll. x2
The gnoll is engulfed in noxious fumes.
The gnoll appears confused.
The gnoll is engulfed in noxious fumes.
The gnoll appears confused.
The gnoll is engulfed in noxious fumes.
The gnoll appears confused.
The gnoll hits the gnoll with a +0 spear.
Unknown command.
Unknown command.
You hit the gnoll.
The gnoll is moderately wounded.
The gnoll is engulfed in noxious fumes.
The gnoll appears confused.
The gnoll misses you.
The gnoll hits itself with a +0 flail!
The gnoll is killed!
Your Fighting skill increases to level 1!
Your Armour skill increases to level 1!
Unknown command.
Unknown command.
Unknown command.
The gnoll is engulfed in noxious fumes.
The gnoll appears confused.
The gnoll barely misses the gnoll.
The gnoll is engulfed in noxious fumes.
The gnoll appears confused.
The gnoll is engulfed in noxious fumes.
The gnoll appears confused.
You hit the gnoll.
The gnoll is moderately wounded.
The gnoll hits the gnoll with a +0 flail!
The gnoll is killed!
Your Conjurations skill increases to level 2!
Unknown command.
Found a scroll labelled HAIPLU ZE CAF.
The gnoll hits you with a +0 flail!
Ouch! That really hurt!
You die...

#.##.................#.#
#.####################.#
#.##.....# #.#
#.##.###.######## #.#
#.##.# #........#
###.### #.##.#
########># #......
#.##.# #.......# #...###
#....# #.####### #...#
###### #@# #..†###
#..☼g°...# #.....)
#?..☼....# #....##
#........# #....#
#....S...# ####.#
#........# #.#
#........# #.##
####.....# ..#. ###.


You could see a gnoll (confused) and a ball python (confused).

Vanquished Creatures
  2 gnolls (D:2)
  An adder (D:2)
  A dart slug (D:1)
  3 bats
  An endoplasm (D:1)
  4 goblins
  2 hobgoblins (D:1)
  2 jackals (D:1)
  2 quokkas (D:2)
  4 ball pythons
  A frilled lizard (D:2)
  A kobold (D:1)
  A rat (D:2)
25 creatures vanquished.

Notes
Turn   | Place    | Note
-------+----------+-------------------------------------------
     0 | D:1      | pokeman the Deep Elf Hedge Wizard began the quest for the
                  | Orb.
     0 | D:1      | Reached XP level 1. HP: 10/10 MP: 7/7
   451 | D:1      | Reached XP level 2. HP: 16/16 MP: 1/9
  1268 | D:2      | Reached skill level 5 in Spellcasting
  1340 | D:2      | Reached XP level 3. HP: 19/20 MP: 2/11
  1344 | D:2      | Learned a level 3 spell: Mephitic Cloud
  1347 | D:2      | Learned a level 2 spell: Call Imp
  1350 | D:2      | Learned a level 2 spell: Blink
  1661 | D:2      | Reached skill level 1 in Fighting
  1661 | D:2      | Reached skill level 1 in Armour
  1664 | D:2      | Slain by a gnoll

Illustrated notes

Levels and vault maps discovered:
D:1:      nicolae_arrival_somewhat_less_tricky_arrival, layout_basic
D:2:      layout_basic

Skill      XL: |  1  2  3 |
---------------+----------+-----
Spellcasting   | 5 |  5.3
Fighting       | 1 |  1.0
Armour         | 1 |  1.0
Conjurations   | 2 |  2.0
Dodging        | |  2.5
Stealth        | |  2.5
Summonings     | |  1.1
Translocations | |  1.1

Action                     || total
---------------------------++-------
  Melee: Dagger            ||    28
   Cast: Magic Dart        ||    58
         Mephitic Cloud    ||     2
 Armour: Robe              ||    18
  Dodge: Dodged            ||    28

Table legend: (Time is in decaauts)
 A = Elapsed time spent in this place.
 B = Non-inter-level travel time spent in this place.
 C = Inter-level travel time spent in this place.
 D = Time resting spent in this place.
 E = Time spent auto-exploring this place.
 F = Levels seen in this place.
 G = Mean time per level.
                   A        B        C        D        E       F      G
               +--------+--------+--------+--------+--------+-----+--------+
         Total |   1663 |   1612 |     51 |      0 |   1456 |   2 |  831.5 |
       Dungeon |   1663 |   1612 |     51 |      0 |   1456 |   2 |  831.5 |
               +--------+--------+--------+--------+--------+-----+--------+

Top non-repeatable levels by time:
     D:1: 1110 daAuts
     D:2: 553 daAuts
